 Dungeon Crawl Stone Soup version 0.17-a0-1105-gbe8b664 (webtiles) character file.

54901 Hanyuu the Black Belt (level 14, -12/99 HPs)
             Began as an Octopode Transmuter on May 21, 2015.
             Was the Champion of Makhleb.
             Mangled by a young spriggan druid
             ... wielding a +0 quarterstaff
              (18 damage)
             ... on level 8 of the Lair of Beasts.
             The game lasted 02:04:31 (25333 turns).

Hanyuu the Black Belt (Octopode Transmuter)        Turns: 25333, Time: 02:04:31

Health: -12/99     AC:  1    Str:  9    XL:     14   Next: 74%
Magic:  12/23      EV: 26    Int: 28    God:    Makhleb [******]
Gold:   1044       SH:  0    Dex: 16    Spells: 5 memorised, 10 levels left

rFire  . . .     SeeInvis +       - Unarmed
rCold  + . .     Clarity  +     (shield currently unavailable)
rNeg   + . .     SustAb   +     (helmet restricted)
rPois  +         Gourm    .     Y - amulet of clarity
rElec  +         Spirit   .     m - +6 ring of evasion
rCorr  .         Warding  .     n - ring of positive energy
rMut   .         Stasis   .     Q - +2 ring of dexterity
MR     +....                    A - ring "Mewn" {rElec rC+ Int+7 Stlth+}
Stlth  ++++......               D - ring of sustain abilities
                                E - +2 ring of intelligence
                                L - ring of poison resistance
                                P - ring of see invisible

@: blade tentacles, somewhat resistant to hostile enchantments, stealthy
A: almost no armour, amphibious, 8 rings, constrict 8, camouflage 1, gelatinous
body 1
a: End Transformation, Minor Destruction, Lesser Servant of Makhleb, Major
Destruction, Greater Servant of Makhleb, Renounce Religion


You were on level 8 of the Lair of Beasts.
You worshipped Makhleb.
Makhleb was exalted by your worship.
You were not hungry.
You had blades for tentacles.
You visited 3 branches of the dungeon, and saw 20 of its levels.
You also visited: Sewer.

You collected 1253 gold pieces.
You spent 209 gold pieces at shops.

Inventory:

Hand weapons
 a - a +0 blowgun
Missiles
 j - 11 curare-tipped needles
 B - 82 poisoned needles
 H - 190 arrows
 N - 2 tomahawks of dispersal
 U - 4 tomahawks of returning (quivered)
 X - 3 throwing nets
Rods
 C - a +2 iron rod (10/10)
   (You found it on level 7 of the Lair of Beasts)
Jewellery
 l - an uncursed ring of positive energy
 m - a +6 ring of evasion (left scythe-like blade)
 n - a ring of positive energy (right scythe-like blade)
 A - the ring "Mewn" (on tentacle) {rElec rC+ Int+7 Stlth+}
   (You found it on level 4 of the Dungeon)

   [ring of stealth]

   It affects your intelligence (+7).
   It protects you from cold.
   It insulates you from electricity.
   It makes you more stealthy.
 D - a ring of sustain abilities (on tentacle)
 E - a +2 ring of intelligence (on tentacle)
 L - a ring of poison resistance (on tentacle)
 P - a ring of see invisible (on tentacle)
 Q - a +2 ring of dexterity (on tentacle)
 Y - an amulet of clarity (around mantle)
Magical devices
 d - a wand of slowing (27)
 i - a wand of lightning (2)
 k - a wand of cold (0)
 o - a wand of random effects (17)
 p - a wand of heal wounds (3)
 s - a wand of enslavement (14)
 F - a wand of paralysis (15)
 T - a wand of draining (9)
 W - a wand of fire (3)
Scrolls
 f - a scroll of magic mapping
 h - 4 scrolls of teleportation
 x - 9 scrolls of remove curse
 y - 2 scrolls of recharging
 G - 3 scrolls of identify
 M - 4 scrolls of amnesia
Potions
 e - 11 potions of curing
 g - 2 potions of brilliance
 r - a potion of haste
 t - 3 potions of might
 v - a potion of lignification
 z - 3 potions of cure mutation
 I - a potion of berserk rage
 J - 2 potions of flight
 K - a potion of agility
 O - a potion of heal wounds
 R - a potion of cancellation
 S - 2 potions of resistance
 Z - 2 potions of ambrosia
Books
 b - a book of Changes

   Spells                             Type                      Level
   a - Beastly Appendage              Transmutation                1
   b - Sticks to Snakes               Transmutation                2
   c - Spider Form                    Transmutation/Poison         3
   d - Ice Form                       Ice/Transmutation            4
   e - Blade Hands                    Transmutation                5
 q - a book of the Sky

   Spells                             Type                      Level
   a - Summon Lightning Spire         Summoning/Air                4
   b - Airstrike                      Air                          4
   c - Silence                        Hexes/Air                    5
   d - Deflect Missiles               Charms/Air                   6
   e - Conjure Ball Lightning         Conjuration/Air              6
   f - Tornado                        Air                          9
Comestibles
 c - 8 bread rations
 u - 7 meat rations
 w - 5 beef jerkies
 V - 14 chunks of flesh


   Skills:
 + Level 10.8 Fighting
 - Level 3.2 Throwing
 + Level 11.1 Dodging
 * Level 16.2 Unarmed Combat
 - Level 6.1 Spellcasting
 + Level 9.1 Transmutations
 - Level 1.0 Poison Magic
 - Level 3.1 Invocations


You had 10 spell levels left.
You knew the following spells:

 Your Spells              Type           Power        Failure   Level  Hunger
a - Beastly Appendage     Trmt           ######       10%         1    None
b - Sticks to Snakes      Trmt           ######....   10%         2    None
c - Spider Form           Trmt/Pois      #####.....   21%         3    None
d - Ice Form              Ice/Trmt       ####....     50%         4    ###....
e - Blade Hands           Trmt           ######....   32%         5    #####..


Dungeon Overview and Level Annotations

Branches:
Dungeon (11/15)            Temple (1/1) D:7            Lair (8/8) D:10
  Swamp (0/4) Lair:6       Spider (0/4) Lair:5          Orc (0/4) D:11
  Slime: Lair:6-8

Altars:
Ashenzari
Cheibriados
Dithmenos
Gozag
Makhleb
Okawaru
Qazlal
Sif Muna
Trog
Yredelemnul
Zin
The Shining One

Shops:
D:7 %***?   D:8 }


Innate Abilities, Weirdness & Mutations

You cannot wear most types of armour.
You are amphibious.
You can wear up to eight rings at the same time.
You can use your tentacles to constrict eight enemies at once.
Your skin changes colour to match your surroundings (Stealth).
Your rubbery body absorbs attacks (AC +1).


Message History

The young spriggan druid completely misses you.
A wolf comes into view.
The wolf barks!
You bludgeon the young spriggan druid!
Your grab misses the young spriggan druid.
The young spriggan druid is heavily wounded.
Tree limbs sway around you. A tree reaches out and hits you!
* * * LOW HITPOINT WARNING * * *
The wolf closely misses you.
Casting: Sticks to Snakes
Confirm with . or Enter, or press ? or * to list all spells.
Your tentacles turn into razor-sharp scythe blades.
The trees move their gnarly branches around.
A tree reaches out and hits you!
* * * LOW HITPOINT WARNING * * *
The forest calms down.
The wolf bites you.
* * * LOW HITPOINT WARNING * * *
The young spriggan druid hits you with a quarterstaff!!
You die...

.♣♣ ♣♣)†♣♣.♣
.. ♣.♣♣♣♣.♣
♣♣.♣ ♣♣.♣ ♣..
♣..♣ ♣♣†♣♣
♣♣.♣ ♣.♣
♣..♣♣ .. ♣i♣
♣.).♣ ..
♣D♣♣♣♣♣†..♣♣
♣♣i♣♣...♣♣.♣
♣.@♣..♣♣♣)♣♣♣
♣..h..♣ ♣...♣
♣.....♣ ♣♣..♣
♣♣...♣♣ ♣♣.♣♣
♣♣...♣♣ ♣..♣
♣.....♣ ♣♣.♣♣
♣..♣♣.♣♣
♣♣.♣♣♣
♣..♣♣..♣♣
♣...♣♣ ♣..♣
♣♣..♣ ♣♣....♣


You could see a four-headed hydra, a young spriggan druid, a spriggan and a
wolf.

Vanquished Creatures
  3 hydras
  5 death yaks (Lair:8)
  The ghost of HEYYEYAAE the Ducker, an experienced OpFi of Trog (D:8)
  The ghost of onwiheg the Basher, an experienced GrBe of Trog (D:10)
  A fire crab (Lair:6)
  An unseen horror (D:11)
  5 hill giants
  An ugly thing (D:11)
  15 elephants
  Maurice (D:8)
  3 black mambas
  The ghost of nubinia the Magician, an experienced SpCj of Ashenzari (D:7)
  11 spiny frogs
  9 komodo dragons
  3 polar bears (Lair:8)
  3 trolls
  Grinder (D:6)
  5 blink frogs (Lair:2)
  9 spriggans (Lair:8)
  A wraith (D:10)
  The ghost of Baka the Firebug, an average DEFE of Cheibriados (D:5)
  10 redbacks (Lair:8)
  A basilisk (Lair:1)
  55 yaks
  2 wyverns
  12 hippogriffs
  Eustachio (D:4)
  A soldier ant (D:11)
  2 hungry ghosts
  21 wolves
  11 water moccasins
  9 orc warriors
  3 ice beasts
  11 porcupines
  4 black bears
  A necrophage (D:9)
  3 wasps (Lair:8)
  A sky beast (D:10)
  15 crocodiles
  3 phantoms
  11 ogres
  A centaur (D:9)
  2 big kobolds
  18 giant frogs
  A wyvern skeleton (D:9)
  5 scorpions
  18 wights
  23 killer bees
  2 giant frog zombies
  A wasp zombie (D:7)
  2 quasits
  8 crimson imps
  6 electric eels
  8 orc priests
  3 giant frog skeletons
  5 jellies
  A centaur skeleton (D:11)
  10 hounds
  15 orc wizards
  5 iguanas
  5 worker ants
  31 sheep
  A hound zombie (D:6)
  A worker ant zombie (D:11)
  13 adders
  3 gnolls (D:3)
  3 shadow imps
  76 river rats
  5 oozes
  4 adder zombies
  3 worms
  6 giant geckos
  54 orcs
  28 bats
  A bat skeleton (D:7)
  2 bat zombies (D:2)
  9 giant cockroaches
  10 goblins
  17 hobgoblins
  33 jackals
  3 quokkas
  A ball python (Sewer)
  A giant gecko zombie (D:2)
  4 giant newts
  2 gnoll zombies (D:3)
  28 kobolds
  15 rats
  5 fungi
  5 plants
761 creatures vanquished.

Vanquished Creatures (collateral kills)
  2 hydras
  4 yaks (Lair:8)
6 creatures vanquished.

Vanquished Creatures (others)
  A hobgoblin (D:10)
  11 fungi (Lair:8)
  10 plants (Lair:8)
22 creatures vanquished.

Grand Total: 789 creatures vanquished

Notes
Turn   | Place    | Note
--------------------------------------------------------------
     0 | D:1      | Hanyuu the Octopode Transmuter began the quest for the Orb.
     0 | D:1      | Reached XP level 1. HP: 13/13 MP: 3/3
   350 | D:1      | Reached XP level 2. HP: 18/18 MP: 5/5
   610 | D:2      | Reached skill level 4 in Unarmed Combat
   674 | D:2      | Reached XP level 3. HP: 20/23 MP: 6/6
   678 | D:2      | Learned a level 2 spell: Sticks to Snakes
   682 | D:2      | Learned a level 3 spell: Spider Form
  1534 | D:2      | Reached XP level 4. HP: 28/28 MP: 5/7
  1614 | D:2      | Reached skill level 5 in Unarmed Combat
  1926 | D:3      | Found an opulent altar of Gozag.
  2279 | D:3      | Reached XP level 5. HP: 17/33 MP: 5/8
  2897 | D:3      | Found a basalt altar of Yredelemnul.
  2952 | D:3      | Noticed an ice beast
  2967 | D:3      | Killed an ice beast
  2967 | D:3      | Reached skill level 6 in Unarmed Combat
  2967 | D:3      | Reached XP level 6. HP: 38/38 MP: 6/9
  3123 | D:4      | Noticed Eustachio
  3138 | D:4      | Killed Eustachio
  3168 | D:4      | Got an ancient golden ring
  3169 | D:4      | Identified the ring "Mewn" {rElec rC+ Int+7 Stlth+} (You found it on level 4 of the Dungeon)
  3448 | D:4      | Reached XP level 7. HP: 45/45 MP: 6/10
  3603 | D:4      | Reached skill level 7 in Unarmed Combat
  3617 | D:4      | Found a shadowy altar of Dithmenos.
  3869 | D:5      | Entered Level 5 of the Dungeon
  3991 | D:5      | Found a stormy altar of Qazlal.
  4094 | D:5      | Noticed Baka's ghost (average DEFE)
  4139 | D:6      | Reached XP level 8. HP: 36/53 MP: 11/11
  4284 | D:6      | Found a glowing drain.
  4314 | Sewer    | Entered a sewer
  4526 | Sewer    | Reached skill level 8 in Unarmed Combat
  5329 | D:6      | Reached skill level 1 in Throwing
  5395 | D:6      | Noticed Grinder
  5411 | D:6      | Paralysed by Grinder for 4 turns
  5416 | D:6      | Killed Grinder
  5666 | D:6      | Reached XP level 9. HP: 44/59 MP: 12/12
  5942 | D:6      | Found a bloodstained altar of Trog.
  5982 | D:6      | Reached skill level 9 in Unarmed Combat
  6608 | D:5      | Killed Baka's ghost
  6944 | D:5      | Reached skill level 5 in Dodging
  7081 | D:5      | Found a glowing golden altar of the Shining One.
  7341 | D:7      | Found a glowing silver altar of Zin.
  7392 | D:7      | Found Benk's Food Shoppe.
  7450 | D:7      | Found Cuolur's Assorted Antiques.
  7514 | D:7      | Reached skill level 10 in Unarmed Combat
  7853 | D:7      | Noticed nubinia's ghost (experienced SpCj)
  7871 | D:7      | Killed nubinia's ghost
  7871 | D:7      | Reached skill level 5 in Fighting
  7871 | D:7      | Reached XP level 10. HP: 38/66 MP: 11/14
  7973 | D:7      | Found an iron altar of Okawaru.
  7996 | D:7      | Found Hopuwk's General Store.
  8008 | D:7      | Bought a potion of heal wounds for 70 gold pieces
  8008 | D:7      | Bought 3 curare-tipped needles for 25 gold pieces
  8008 | D:7      | Bought a scroll of teleportation for 42 gold pieces
  8027 | D:7      | Found Pivann's General Store.
  8056 | D:7      | Reached skill level 5 in Transmutations
  8105 | D:7      | Found a staircase to the Ecumenical Temple.
  8111 | Temple   | Entered the Ecumenical Temple
  8118 | Temple   | Became a worshipper of Makhleb the Destroyer
  8171 | D:7      | Found Qutwagumn's Magic Scroll Shoppe.
  8176 | D:7      | Bought a scroll of identify for 24 gold pieces
  8176 | D:7      | Bought a scroll of identify for 24 gold pieces
  8176 | D:7      | Bought a scroll of identify for 24 gold pieces
  8790 | D:8      | Found Okhissom's Gadget Boutique.
  8886 | D:8      | Noticed HEYYEYAAE's ghost (experienced OpFi)
  8902 | D:8      | Killed HEYYEYAAE's ghost
  9085 | D:8      | Found a bloodstained altar of Trog.
  9172 | D:8      | Acquired Makhleb's first power
  9222 | D:8      | Found a glowing silver altar of Zin.
  9254 | D:8      | Reached skill level 11 in Unarmed Combat
  9408 | D:8      | Noticed Maurice
  9425 | D:8      | Killed Maurice
  9796 | D:8      | HP: 3/68 [orc warrior/halberd (15)]
  9821 | D:8      | Acquired Makhleb's second power
 10709 | D:9      | You fall through a shaft for 2 floors!
 10727 | D:10     | Entered Level 10 of the Dungeon
 10831 | D:9      | Reached XP level 11. HP: 62/72 MP: 13/15
 10850 | D:9      | Reached skill level 1 in Poison Magic
 11161 | D:9      | Acquired Makhleb's third power
 11326 | D:9      | Reached skill level 12 in Unarmed Combat
 11868 | D:10     | Noticed a hill giant
 11884 | D:10     | Killed a hill giant
 12252 | D:10     | Acquired Makhleb's fourth power
 12443 | D:10     | Found a staircase to the Lair.
 12636 | D:10     | Noticed a hill giant
 12650 | D:10     | Killed a hill giant
 12736 | D:10     | Reached skill level 1 in Invocations
 12793 | D:10     | Noticed onwiheg's ghost (experienced GrBe)
 12808 | D:10     | Killed onwiheg's ghost
 13010 | D:10     | Learned a level 4 spell: Ice Form
 13016 | D:10     | Learned a level 5 spell: Blade Hands
 13100 | D:10     | Noticed a hill giant
 13130 | D:10     | Killed a hill giant
 13130 | D:10     | Reached XP level 12. HP: 81/81 MP: 15/19
 13165 | D:10     | Noticed a hill giant
 13194 | D:10     | Killed a hill giant
 13206 | D:10     | Acquired Makhleb's fifth power
 13431 | D:11     | Noticed an unseen horror
 13445 | D:10     | Reached skill level 13 in Unarmed Combat
 13445 | D:10     | Reached skill level 5 in Spellcasting
 13469 | D:11     | Killed an unseen horror
 13640 | D:11     | Noticed a six-headed hydra
 13656 | D:11     | Killed a six-headed hydra
 13992 | D:11     | Noticed a white ugly thing
 14009 | D:11     | Killed a white ugly thing
 14628 | D:11     | Found a staircase to the Orcish Mines.
 15535 | Lair:1   | Entered Level 1 of the Lair of Beasts
 15564 | Lair:1   | Found a stormy altar of Qazlal.
 15628 | Lair:1   | Reached skill level 14 in Unarmed Combat
 16530 | Lair:2   | Reached XP level 13. HP: 89/89 MP: 20/22
 18998 | Lair:4   | Found a bloodstained altar of Trog.
 19579 | Lair:4   | Reached skill level 10 in Dodging
 20125 | Lair:5   | HP: 4/90 [six-headed hydra (17)]
 20125 | Lair:5   | HP: 1/90 [yak (2)]
 20129 | Lair:5   | Found a hole to the Spider Nest.
 20587 | Lair:5   | Reached skill level 15 in Unarmed Combat
 22142 | Lair:6   | Found a staircase to the Swamp.
 22303 | Lair:6   | Reached XP level 14. HP: 86/98 MP: 18/23
 22324 | Lair:6   | Reached skill level 10 in Fighting
 24038 | Lair:8   | Entered Level 8 of the Lair of Beasts
 24360 | Lair:8   | HP: 4/99 [death yak (12)]
 24365 | Lair:8   | HP: 3/99 [death yak (24)]
 25120 | Lair:8   | Reached skill level 16 in Unarmed Combat
 25333 | Lair:8   | Mangled by a young spriggan druid

Vault maps used:
D:1:      sevenhm_arrival_forest_fort_small_6, minmay_misc_feat_five
D:2:      serial_undead, serial_undead_a, serial_undead_d, serial_undead_b,
          serial_undead_c
D:3:      lemuel_zombie_altar_yredelemnul, lemuel_crystal_altar, first_bread,
          corner_web_ring, minivault_19, grunt_ministairs_9
D:4:      grunt_dithmenos_smoke_and_mirrors, uniq_eustachio
D:5:      old_standard_altar, lemuel_doored_altar
D:6:      basic_altar, gup_sewer_entry_glass,
          hangedman_abyss_or_decor_lesser_grid, uniq_grinder
D:7:      nicolae_overflow_hidden_temple, nicolae_overflow_crystal_walls,
          minmay_temple_entry_fiery, serial_shops, kennysheep_little_box,
          nicolae_shop_statue_plus, shop, nicolae_shop_crystal, shop
D:8:      bloody_trog, basic_altar, serial_shops, shop, uniq_maurice
D:9:      serial_aquarium, aquarium_bridge_square, aquarium_window_fake,
          aquarium_window_fake, aquarium_view_2d, aquarium_view_2b,
          aquarium_pool_corner
D:10:     erik_lair_island
D:11:     david_orc_4
Temple:   triangle_lava_temple_11
Lair:1:   basic_altar, hibernation_bobbens
Lair:2:   serial_bayou_shore_a
Lair:4:   boulder_dual_corridor_run, basic_altar, minmay_hedge_maze,
          minivault_26, minmay_stone_trees_small, serial_bayou_shore_b
Lair:5:   spider_nest_entry_web_field, enter_volcano_4
Lair:6:   beast_lair_carwin_large_1, swamp_mist
Lair:7:   st_stairs_12
Lair:8:   minmay_lair_end_enchanted_forest, slime_altar_1
Sewer:    sewer_fruit_machine

Action                   |  1- 3 |  4- 6 |  7- 9 | 10-12 | 13-15 || total
-------------------------+-------+-------+-------+-------+-------++-------
Melee: Unarmed           |    82 |   116 |   355 |   718 |   786 ||  2057
 Fire: Blowgun           |       |       |    57 |   226 |   176 ||   459
Throw: Tomahawk          |       |       |       |     2 |     4 ||     6
 Cast: Beastly Appendage |     3 |     4 |    14 |    24 |    22 ||    67
       Spider Form       |     2 |     5 |    16 |    36 |     4 ||    63
       Blade Hands       |       |       |       |     6 |    28 ||    34
       Sticks to Snakes  |       |       |       |     3 |    31 ||    34
 Abil: End Transformatio |       |       |     1 |     7 |     5 ||    13
Evoke: Wand              |       |       |       |     3 |    12 ||    15
  Use: Scroll            |       |     7 |     7 |    12 |    10 ||    36
       Potion            |       |       |     4 |     4 |     7 ||    15
 Stab: Sleeping          |     4 |     3 |    18 |    44 |    36 ||   105
       Distracted        |       |       |     2 |     5 |     3 ||    10
       Fleeing           |       |       |       |       |     1 ||     1
  Eat: Bread ration      |     1 |       |       |       |       ||     1
       Meat ration       |       |     1 |       |       |       ||     1
       Chunk             |       |       |    16 |    25 |    25 ||    66
       Fruit             |       |       |       |     5 |       ||     5
       Pizza             |       |       |       |     1 |     3 ||     4
       Beef jerky        |       |       |       |       |     3 ||     3
       Royal jelly       |       |       |       |       |     1 ||     1
